 Dungeon Crawl Stone Soup version 0.23.2-33-g5129a83184 (webtiles) character file.

Game seed: 11524442653968261349

5398 Derp the Carver (level 10, -5/120 HPs)
             Began as a Demonspawn Berserker on July 22, 2019.
             Was an Elder of Trog.
             Slain by Urug
             ... wielding a +5 scimitar
              (13 damage)
             ... on level 1 of the Lair of Beasts on July 23, 2019.
             The game lasted 00:31:34 (10012 turns).

Derp the Carver (Demonspawn Berserker)             Turns: 10012, Time: 00:31:35

Health: -5/120     AC: 20    Str: 25    XL:     10   Next: 40%
Magic:  10/10      EV:  8    Int: 10    God:    Trog [****..]
Gold:   312        SH:  0    Dex: 12    Spells: 9/9 levels left

rFire    . . .     SeeInvis +   C - +0 scimitar (flame)
rCold    . . .     Gourm    +   (no shield)
rNeg     . . .     Faith    .   m - +2 plate armour
rPois    .         Spirit   .   (helmet unavailable)
rElec    .         Reflect  .   D - +0 cloak
rCorr    .         Harm     .   e - +0 pair of gloves
MR       ++...                  F - +0 pair of boots
Stlth    ..........             y - amulet of the gourmand
HPRegen  1.30/turn              (no ring)
MPRegen  0.12/turn              (no ring)

@: berserking (expiring), regenerating, very quick
A: antennae 3, powered by death 3
a: Berserk, Trog's Hand, Brothers in Arms, Renounce Religion


You were on level 1 of the Lair of Beasts.
You worshipped Trog.
Trog was greatly pleased with you.
You were near starving.

You visited 2 branches of the dungeon, and saw 10 of its levels.

You collected 560 gold pieces.
You spent 248 gold pieces at shops.

Inventory:

Hand Weapons
 C - a +0 scimitar of flaming (weapon)
Armour
 e - a +0 pair of gloves (worn)
 m - a +2 plate armour (worn)
 v - a +0 troll leather armour
 D - a +0 cloak (worn)
 F - a +0 pair of boots (worn)
Jewellery
 a - an uncursed ring of protection from cold {unknown}
 y - an amulet of the gourmand (around neck)
Wands
 A - a wand of random effects (38)
 G - a wand of flame (2)
Scrolls
 d - 2 scrolls of blinking
 g - 4 scrolls of amnesia {unknown}
 j - 3 scrolls of random uselessness {unknown}
 n - 2 scrolls of fog {unknown}
 o - 7 scrolls of remove curse
 p - a scroll of vulnerability {unknown}
 r - 2 scrolls of fear
 t - 4 scrolls of teleportation
 u - a scroll of enchant weapon {unknown}
 E - 2 scrolls of identify
Potions
 b - a potion of mutation {unknown}
 f - 4 potions of heal wounds
 h - 3 potions of haste
 i - 2 potions of berserk rage {unknown}
 k - 2 potions of flight {unknown}
 l - 3 potions of lignification {unknown}
 q - 2 potions of might {unknown}
 s - 3 potions of ambrosia {unknown}
 w - a potion of brilliance {unknown}
 x - 2 potions of degeneration {unknown}
 z - 4 potions of curing {unknown}
 B - a potion of cancellation {unknown}
Comestibles
 c - 15 rations


   Skills:
 + Level 7.8 Fighting
 + Level 9.4 Long Blades
 + Level 8.9 Armour
 + Level 2.7 Dodging
 + Level 0.4 Stealth


You had 9 spell levels left.
You didn't know any spells.
Your spell library contained the following spells:

 Spells                   Type           Power        Failure   Level  Hunger
 Freeze                   Ice            #...         99%         1    ##.....
 Throw Frost              Conj/Ice       #.....       99%         2    ###....
 Ozocubu's Armour         Chrm/Ice       #.......     100%        3    ####...
 Summon Ice Beast         Ice/Summ       #.......     100%        4    #####..
 Throw Icicle             Conj/Ice       #.......     100%        4    #####..


Dungeon Overview and Level Annotations

Branches:
Dungeon (9/15)             Temple (0/1) D:4            Lair (1/6) D:9
    Orc: D:9-12

Altars:
Cheibriados
Makhleb
Qazlal
Sif Muna
Xom
Zin
The Shining One

Shops:
D:4 (   D:6 }   D:7 [

Annotations:
Lair:1 Urug


Innate Abilities, Weirdness & Mutations

You have a pair of large antennae on your head. (SInv)
You regenerate a lot of health from kills.


Message History

You hit Urug but do no damage.
Urug is moderately wounded.
You closely miss Urug.
Urug is moderately wounded.
Urug hits you with a +5 scimitar!
* * * LOW HITPOINT WARNING * * *
You hit Urug. You burn Urug.
Urug is moderately wounded.
You are too berserk!
You closely miss Urug.
Urug is moderately wounded.
Urug hits you with a +5 scimitar.
* * * LOW HITPOINT WARNING * * *
You barely miss Urug.
Urug is moderately wounded.
You barely miss Urug.
Urug is moderately wounded.
Urug suddenly jeers.
Urug hits you with a +5 scimitar!
You die...

# ####.####.##.......#
####.##.(.##..#..#.#|.#
..............#.#..P..#
.P###...##P#..(........
.## ##P.####..#...#...
.# ##.# #...#..## .#
#.#.##..#(.#
.####.......>....#
.P.........P..##@#
.<..^(P.......##o#
#.###...##..#. #.# ###
.###.. #.# #. #.. P ###
{


You could see Urug.

Vanquished Creatures
  Erica (D:8)
  2 hippogriffs
  Grum (D:8)
  2 sky beasts
  3 orc warriors
  An ice beast (D:6)
  2 phantoms
  4 wolves (D:7)
  4 ogres
  5 centaurs
  A crocodile (D:8)
  Blork the orc (D:6)
  4 bullfrogs
  11 killer bees (D:9)
  7 howler monkeys
  3 crimson imps
  2 hounds
  7 orc priests
  A bullfrog zombie (D:6)
  A quasit (D:6)
  3 bullfrog skeletons
  A centaur skeleton (D:5)
  3 iguanas
  9 orc wizards
  4 worker ants
  A killer bee zombie (D:5)
  A hound zombie (D:8)
  A howler monkey zombie (D:6)
  2 worker ant zombies
  Robin (D:3)
  A gnoll (D:1)
  8 adders
  A shadow imp (D:5)
  An adder skeleton (D:6)
  4 dart slugs
  6 leopard geckos
  36 orcs
  4 bats
  5 giant cockroaches
  15 hobgoblins
  10 jackals
  3 quokkas
  3 frilled lizards
  A giant cockroach zombie (D:5)
  13 goblins
  7 kobolds
  7 rats
214 creatures vanquished.

Vanquished Creatures (others)
  An orc wizard (D:2)
  A goblin (D:3)
2 creatures vanquished.

Grand Total: 216 creatures vanquished

Notes
Turn   | Place    | Note
-------+----------+-------------------------------------------
     0 | D:1      | Derp the Demonspawn Berserker began the quest for the Orb.
     0 | D:1      | Reached XP level 1. HP: 18/18 MP: 1/1
   162 | D:1      | Gained mutation: You have a pair of small antennae on your
                  | head. [demonic ancestry]
   162 | D:1      | Reached XP level 2. HP: 22/24 MP: 2/2
   171 | D:1      | Reached skill level 3 in Long Blades
   356 | D:1      | Gained mutation: You regenerate a little health from kills.
                  | [demonic ancestry]
   356 | D:1      | Reached XP level 3. HP: 9/29 MP: 3/3
   979 | D:1      | Reached ** piety under Trog
  1261 | D:2      | Reached XP level 4. HP: 34/35 MP: 4/4
  1770 | D:3      | Reached skill level 4 in Long Blades
  1773 | D:3      | Reached XP level 5. HP: 29/41 MP: 5/5
  2173 | D:3      | Noticed Robin
  2196 | D:3      | Killed Robin
  3058 | D:4      | Found Haudghir's Antique Weapon Shoppe.
  3119 | D:4      | Reached XP level 6. HP: 40/48 MP: 6/6
  3124 | D:4      | Found a staircase to the Ecumenical Temple.
  3127 | D:4      | Found a snail-covered altar of Cheibriados.
  3457 | D:5      | Entered Level 5 of the Dungeon
  3949 | D:5      | Reached skill level 5 in Long Blades
  3970 | D:5      | Gained mutation: You have a pair of antennae on your head.
                  | [demonic ancestry]
  3970 | D:5      | Reached XP level 7. HP: 32/55 MP: 7/7
  4104 | D:5      | Reached *** piety under Trog
  4824 | D:6      | Reached skill level 5 in Fighting
  4831 | D:6      | Reached skill level 6 in Long Blades
  4831 | D:6      | Reached skill level 5 in Armour
  4927 | D:6      | Gained mutation: You have a pair of large antennae on your
                  | head. (SInv) [demonic ancestry]
  4927 | D:6      | Reached XP level 8. HP: 54/62 MP: 8/8
  5111 | D:4      | Bought a jewelled falchion for 248 gold pieces
  5523 | D:6      | Found Wepoucka's Gadget Emporium.
  5558 | D:6      | Found a burning altar of Makhleb.
  5562 | D:6      | Found a glowing silver altar of Zin.
  5562 | D:6      | Noticed a cacodemon
  5563 | D:6      | Noticed an angel
  5566 | D:6      | Noticed Blork the orc
  5588 | D:6      | Killed Blork the orc
  5588 | D:6      | Reached skill level 7 in Long Blades
  5979 | D:6      | Found a glowing golden altar of the Shining One.
  6377 | D:6      | Found a deep blue altar of Sif Muna.
  6681 | D:7      | You fall through a shaft!
  6681 | D:8      | Noticed a hippogriff
  6691 | D:8      | Killed a hippogriff
  6691 | D:8      | Gained mutation: You regenerate health from kills. [demonic
                  | ancestry]
  6691 | D:8      | Reached XP level 9. HP: 69/69 MP: 9/9
  6827 | D:8      | Noticed Grum
  7098 | D:7      | Found Utuzairrai's Antique Armour Boutique.
  7146 | D:7      | Reached skill level 8 in Long Blades
  7962 | D:8      | Noticed Erica
  8044 | D:8      | Killed Erica
  8196 | D:8      | Killed Grum
  8336 | D:8      | Gained mutation: You regenerate a lot of health from kills.
                  | [demonic ancestry]
  8336 | D:8      | Reached XP level 10. HP: 79/79 MP: 10/10
  8434 | D:8      | Reached skill level 9 in Long Blades
  8747 | D:9      | Reached **** piety under Trog
  9092 | D:9      | Found a staircase to the Lair.
  9741 | D:9      | Found a shimmering altar of Xom.
  9744 | D:9      | Found a stormy altar of Qazlal.
  9966 | Lair:1   | Entered Level 1 of the Lair of Beasts
  9996 | Lair:1   | Noticed Urug
 10010 | Lair:1   | HP: 6/120 [Urug/+5 scimitar (5)]
 10012 | Lair:1   | Slain by Urug

Skill      XL: |  1  2  3  4  5  6  7  8  9 10 |
---------------+-------------------------------+-----
Long Blades    | 3 4 5 6 7 8 9 |  9.4
Dodging        | 2 |  2.7
Armour         | 2 3 4 5 6 8 |  8.9
Fighting       | 4 5 7 |  7.8
Stealth        | |  0.4

Action                   |  1- 3 |  4- 6 |  7- 9 | 10-12 || total
-------------------------+-------+-------+-------+-------++-------
Melee: Falchion          |   113 |   369 |   519 |       ||  1001
       Scimitar          |       |       |    15 |   201 ||   216
Invok: Berserk           |     1 |     2 |    12 |     3 ||    18
       Trog's Hand       |     1 |     2 |     7 |     3 ||    13
  Use: Scroll            |       |       |     9 |       ||     9
       Potion            |       |       |     1 |       ||     1
  Eat: Chunk             |     2 |     8 |    16 |     2 ||    28
       Ration            |       |     1 |     5 |     1 ||     7
Armor: Animal skin       |     2 |       |       |       ||     2
       Ring mail         |    49 |    35 |       |       ||    84
       Plate armour      |       |   281 |   402 |   151 ||   834
Dodge: Dodged            |    78 |   169 |   218 |    72 ||   537
       Rpst.: Falchion   |    22 |    56 |    62 |       ||   140
       Scimitar          |       |       |     2 |    20 ||    22
